 Dungeon Crawl Stone Soup version 0.29.1-15-g9cfb28693d (webtiles) character file.

Game seed: 13861140334247833649

109 iamoutofideas the Chopper (level 4, -5/40 HPs)
             Began as a Hill Orc Monk on May 1, 2023.
             Splashed by a jelly's acid (9 damage)
             ... on level 3 of the Dungeon.
             The game lasted 00:02:21 (2802 turns).

iamoutofideas the Chopper (Hill Orc Monk)           Turns: 2802, Time: 00:02:23

Health: -5/40      AC: -3    Str: 21    XL:     4   Next: 89%
Magic:  0/4        EV: 11    Int: 10    God:
Gold:   69         SH:  0    Dex: 13    Spells: 3/3 levels left

rFire   . . .      SeeInvis .   a - +0 hand axe
rCold   . . .      Faith    .   (no shield)
rNeg    . . .      Spirit   +   j - +0 ring mail
rPois   .          Reflect  .   n - +0 helmet
rElec   .          Harm     .   (no cloak)
rCorr   .          Rampage  .   (no gloves)
Will    .....                   p - +1 pair of boots
Stlth   +.........              m - amulet of guardian spirit
HPRegen 0.13/turn               d - +6 ring of strength
MPRegen 0.09/turn               (no ring)

@: corroded
A: no striking features
a: no special abilities


You were on level 3 of the Dungeon.
You visited 1 branch of the dungeon, and saw 4 of its levels.

You collected 147 gold pieces.
You spent 78 gold pieces at shops.

Inventory:

Hand Weapons
 a - a +0 hand axe (weapon)
 b - the +6 Majin-Bo {vamp, MP+6 Int+6}
   (You found it on level 3 of the Dungeon)

   It heals its wielder for a portion of the damage dealt when they wound a
   living foe with it or with a spell.
   Its wielder's spells cost health as well as magical power.
   Int:       It affects your intelligence (+6).
   MP:        It affects your magic capacity (+6).
Armour
 j - a +0 ring mail (worn)
 n - a +0 helmet (worn)
 p - a +1 pair of boots (worn)
 q - a +0 buckler
Jewellery
 d - a +6 ring of strength (left hand)
 g - an amulet of faith
 m - an amulet of guardian spirit (around neck)
Scrolls
 e - a scroll of brand weapon {unknown}
 f - a scroll of amnesia {unknown}
 o - 3 scrolls of identify
Potions
 c - a potion of ambrosia
 h - a potion of cancellation {unknown}
 i - 2 potions of might {unknown}
 k - a potion of flight {unknown}
 l - 2 potions of curing {unknown}


   Skills:
 + Level 3.8 Fighting
 + Level 6.8 Axes
 + Level 1.0 Armour
 + Level 2.4 Dodging
 - Level 1.5 Stealth


You had 3 spell levels left.
You didn't know any spells.
Your spell library was empty.

Dungeon Overview and Level Annotations

Branches:
Dungeon (4/15)
 Temple: D:4-7

Altars:

Shops:
D:2 ?


Message History

The jelly is heavily wounded.
The jelly hits you.
You are splashed with acid.
You hit the jelly.
Your hands burn!
The jelly is severely wounded.
The gnoll bouda gazes fiercely through you!
You feel your attacks grow feeble. The jelly hits you but does no damage.
You hit the jelly but do no damage.
Your hands burn!
The jelly is severely wounded.
The jelly hits you. The acid corrodes you!
You are splashed with acid.
You are too injured to fight recklessly!
You are too injured to fight recklessly!
The jelly closely misses you.
You climb upwards.
There is a stone staircase leading down, spattered with blood here.
Unknown command.
You hit the jelly but do no damage. The acid corrodes you!
Your hands burn!
The jelly is severely wounded.
The jelly closely misses you.
You hit the jelly but do no damage.
Your hands burn!
The jelly is severely wounded.
The jelly closely misses you.
You hit the jelly but do no damage.
Your hands burn!
The jelly is severely wounded.
You hit the jelly but do no damage. The acid corrodes you!
Your hands burn!
* * * LOW HITPOINT WARNING * * *
The jelly is severely wounded.
Your attacks no longer feel as feeble.
The jelly closely misses you.
You hit the jelly.
Your hands burn!
* * * LOW HITPOINT WARNING * * *
The jelly is almost dead.
The jelly closely misses you.
You hit the jelly but do no damage.
Your hands burn!
* * * LOW HITPOINT WARNING * * *
The jelly is almost dead.
The jelly hits you.
* * * LOW HITPOINT WARNING * * *
You are splashed with acid!
You die...

#.# #.# #####.# #.#
#...#.#######.#
#..........##.#
####...#.####.##.#
..............##.#
##.#####.###..##.#
#.# #.# #..##)# #.#
#.###..##@# #.#
#.....(.J.##### #.#
####.#........# #.#
#...........########
#.#
#.########.........#
#.#######.####
##.######.#
#............# #.#
#.# #..######.##.#
#.# #.# ##..# #.##>#
####.#### #.#


You could see a jelly.

Vanquished Creatures
  An iguana (D:3)
  2 gnolls (D:3)
  2 adders (D:2)
  A dart slug (D:1)
  3 ball pythons
  4 endoplasms
  3 giant cockroaches
  5 hobgoblins
  2 quokkas
  3 bats (D:2)
  6 frilled lizards
  5 goblins
  5 kobolds
  5 rats
47 creatures vanquished.

Vanquished Creatures (others)
  4 withered plants (D:4)
4 creatures vanquished.

Grand Total: 51 creatures vanquished

Notes
Turn   | Place    | Note
-------+----------+-------------------------------------------
     0 | D:1      | iamoutofideas the Hill Orc Monk began the quest for the
                  | Orb.
     0 | D:1      | Reached XP level 1. HP: 19/19 MP: 1/1
    98 | D:1      | Reached XP level 2. HP: 20/26 MP: 2/2
   269 | D:1      | Reached skill level 5 in Axes
   665 | D:2      | Reached XP level 3. HP: 26/31 MP: 1/3
  1155 | D:2      | Reached skill level 6 in Axes
  1233 | D:2      | Found a faded altar of an unknown god.
  1383 | D:2      | Found Enwom's Magic Scroll Emporium.
  1569 | D:2      | Bought 3 scrolls of identify for 78 gold pieces
  1723 | D:3      | Reached XP level 4. HP: 39/39 MP: 4/4
  2130 | D:3      | Found the +6 Majin-Bo {vamp, MP+6 Int+6}
  2747 | D:3      | Reached skill level 1 in Armour
  2802 | D:3      | Splashed by a jelly's acid

Illustrated notes

Levels and vault maps discovered:
D:1:      tarquinn_simple_flora_water_e, layout_basic, minivault_4,
          minmay_strange_pillars, reono_crystal_passage, minmay_tetromino_o2
D:2:      layout_rooms, serial_shops, shop, ebering_ecumenical_altar_webs,
          st_stairs_10
D:3:      layout_loops_ring, serial_bayou_crossing
D:4:      layout_loops_corners, dilly_guarded_unrand_morg

Skill      XL: |  1  2  3  4 |
---------------+-------------+-----
Axes           | 5 6 |  6.8
Armour         | 1 |  1.0
Fighting       | |  3.8
Dodging        | |  2.4
Stealth        | |  1.5

Action                   |  1- 3 |  4- 6 || total
-------------------------+-------+-------++-------
Melee: Hand axe          |   136 |    62 ||   198
       Punch             |     1 |     1 ||     2
  Use: Scroll            |     3 |       ||     3
 Stab: Sleeping          |     1 |       ||     1
Armor: Robe              |     3 |       ||     3
       Ring mail         |    45 |    20 ||    65
Dodge: Dodged            |    77 |    40 ||   117
